 Dungeon Crawl Stone Soup version 0.28.0-53-g5a82cb258f (webtiles) character file.

Game seed: 2185235908254221779

165 Sin92 the Skirmisher (level 5, -6/42 HPs)
             Began as a Demonspawn Fighter on June 8, 2022.
             Mangled by Duvessa
             ... wielding a +0 short sword of speed
              (9 damage)
             ... on level 4 of the Dungeon.
             The game lasted 00:03:51 (3345 turns).

Sin92 the Skirmisher (Demonspawn Fighter)           Turns: 3345, Time: 00:03:51

Health: -6/42      AC:  3    Str: 25    XL:     5   Next: 21%
Magic:  5/5        EV: 11    Int:  7    God:
Gold:   90         SH:  5    Dex: 13    Spells: 4/4 levels left

rFire   . . .      SeeInvis .   a - +1 war axe
rCold   . . .      Faith    .   c - +0 buckler
rNeg    . . .      Spirit   .   g - +0 leather armour "Tike" {rCorr Str+7 Int-2}
rPois   .          Reflect  .   (no helmet)
rElec   .          Harm     .   (no cloak)
rCorr   +          Rampage  .   (no gloves)
Will    .....                   (no boots)
Stlth   +.........              (no amulet)
HPRegen 0.14/turn               (no ring)
MPRegen 0.09/turn               (no ring)

@: no status effects
A: claws 1, condensation shield, demonic magic 1
a: no special abilities


You were on level 4 of the Dungeon.
You visited 1 branch of the dungeon, and saw 4 of its levels.

You collected 90 gold pieces.

Inventory:

Hand Weapons
 a - a +1 war axe (weapon)
Armour
 b - a +0 scale mail
 c - a +0 buckler (worn)
 g - the +0 leather armour "Tike" (worn) {rCorr Str+7 Int-2}
   (You found it on level 2 of the Dungeon)

   Str:       It affects your strength (+7).
   Int:       It affects your intelligence (-2).
   rCorr:     It protects you from acid and corrosion.
Jewellery
 h - a ring of fire
 i - a +6 ring of intelligence
Wands
 l - a wand of digging (5)
Potions
 d - 2 potions of might
 k - a potion of resistance
 m - a potion of magic


   Skills:
 + Level 3.7 Fighting
 + Level 2.7 Axes
 + Level 3.3 Armour
 + Level 1.7 Dodging
 + Level 3.4 Shields


You had 4 spell levels left.
You didn't know any spells.
Your spell library was empty.

Dungeon Overview and Level Annotations

Branches:
Dungeon (4/15)
 Temple: D:4-7

Altars:

Annotations:
D:4 Duvessa


Innate Abilities, Weirdness & Mutations

You have sharp fingernails.
A meltable shield of frost defends you. (SH +0)
Spells you cast may paralyse adjacent enemies.


Message History

Dowan is moderately wounded.
You slash the dart slug!
You kill the dart slug!
You block Dowan's attack. The necrophage barely misses you.
There are monsters nearby!
You slash Dowan!
Dowan is almost dead.
You hit the necrophage.
Dowan says, "Stay away from my face!"
Dowan gestures at you while chanting. The puff of flame hits you!
Your condensation shield dissipates!
Duvessa says, "I don't care about looks, I care about technique!"
You block the necrophage's attack. Dowan hits you with a +0 dagger.
You barely miss Dowan.
Dowan is almost dead.
You barely miss the necrophage. The necrophage barely misses you.
Dowan barely misses you.
Unknown command.
You hit Dowan.
You kill Dowan!
Duvessa screams, "No!
How DARE you!"
Duvessa goes berserk!
You barely miss the necrophage. The necrophage hits you.
Duvessa hits you with a +0 short sword of speed.
The necrophage hits you but does no damage.
You have reached level 5!
You hit the necrophage.
The necrophage is heavily damaged.
You hit Duvessa but do no damage. You block Duvessa's attack.
Duvessa barely misses you. The necrophage barely misses you.
You block Duvessa's attack.
Unknown command.
You slash the necrophage!
The necrophage is severely damaged.
You slash Duvessa! Duvessa barely misses you.
Duvessa hits you with a +0 short sword of speed!!
* * * LOW HITPOINT WARNING * * *
The necrophage closely misses you.
Duvessa hits you with a +0 short sword of speed!
You die...

# .## #. #..
#####.###.#
...#......#
..........##
...........#
...........#
..........<#
.....$e@...#
......n....#
...........#
.<........##
...#.....##
## #######


You could see Duvessa (berserk) and a necrophage.

Vanquished Creatures
  Dowan (D:4)
  4 adders
  A worm (D:2)
  3 dart slugs
  6 orcs (D:3)
  10 endoplasms
  A giant cockroach (D:2)
  9 goblins
  6 hobgoblins
  5 kobolds
  A quokka (D:2)
  6 ball pythons
  3 bats
  4 frilled lizards
  6 rats
66 creatures vanquished.

Notes
Turn   | Place    | Note
-------+----------+-------------------------------------------
     0 | D:1      | Sin92 the Demonspawn Fighter began the quest for the Orb.
     0 | D:1      | Reached XP level 1. HP: 18/18 MP: 1/1
   555 | D:1      | Gained mutation: A meltable shield of frost defends you.
                  | (SH +0) [demonic ancestry]
   555 | D:1      | Reached XP level 2. HP: 24/24 MP: 2/2
   807 | D:1      | You fall into a shaft and drop 1 floor!
   940 | D:2      | Gained mutation: Spells you cast may paralyse adjacent
                  | enemies. [demonic ancestry]
   940 | D:2      | Reached XP level 3. HP: 8/29 MP: 3/3
  1235 | D:2      | Reached skill level 1 in Dodging
  1455 | D:2      | Identified the +0 leather armour "Tike" {rCorr Str+7 Int-2}
  1738 | D:2      | Gained mutation: You have sharp fingernails. [demonic
                  | ancestry]
  1738 | D:2      | Reached XP level 4. HP: 12/35 MP: 4/4
  2872 | D:3      | Found a faded altar of an unknown god.
  3335 | D:4      | Noticed Dowan
  3337 | D:4      | Noticed a necrophage
  3339 | D:4      | Noticed Duvessa
  3343 | D:4      | Killed Dowan
  3344 | D:4      | Reached XP level 5. HP: 23/42 MP: 5/5
  3345 | D:4      | Mangled by Duvessa

Illustrated notes

Levels and vault maps discovered:
D:1:      nzn_arrival_water_spiral, layout_basic, minmay_strange_pillars
D:2:      layout_rooms, minmay_tromino_i4
D:3:      layout_basic, hellmonk_ecumenical_altar_inner_sanctum
D:4:      layout_rooms, nicolae_uskayaw_dance_hall, kennysheep_mini,
          uniq_menkaure, uniq_robin, uniq_duvessa, uniq_pikel, uniq_edmund

Skill      XL: |  1  2  3 |
---------------+----------+-----
Axes           | 2 |  2.7
Armour         | 3 |  3.3
Shields        | 3 |  3.4
Dodging        | 1 |  1.7
Fighting       | |  3.7

Action                   |  1- 3 |  4- 6 || total
-------------------------+-------+-------++-------
Melee: War axe           |    93 |    70 ||   163
  Use: Scroll            |     2 |     4 ||     6
 Stab: Sleeping          |       |     1 ||     1
Armor: Scale mail        |    29 |       ||    29
       Leather armour    |     4 |    18 ||    22
Dodge: Dodged            |    38 |    32 ||    70
Block: Buckler           |    28 |    41 ||    69
